 Dungeon Crawl Stone Soup version 0.23.2-1-ga50397a6bc (webtiles) character file.

Game seed: 6859632747346381266

98 MurphysLawyer the Conjurer (level 4, -2/37 HPs)
             Began as a Draconian Conjurer on Apr 14, 2019.
             Was a Believer of Vehumet.
             Slain by a goblin
             ... wielding a +0 dagger
              (4 damage)
             ... on level 3 of the Dungeon.
             The game lasted 00:05:52 (2132 turns).

MurphysLawyer the Conjurer (Draconian Conjurer)     Turns: 2132, Time: 00:05:53

Health: -2/37      AC:  7    Str: 11    XL:     4   Next: 43%
Magic:  8/8        EV: 12    Int: 16    God:    Vehumet [**....]
Gold:   121        SH:  0    Dex: 11    Spells: 7/8 levels left

rFire    . . .     SeeInvis .   a - +0 dagger (venom)
rCold    . . .     Gourm    .   (no shield)
rNeg     . . .     Faith    .   (armour unavailable)
rPois    .         Spirit   .   (helmet restricted)
rElec    .         Reflect  .   h - +0 cloak
rCorr    .         Harm     .   o - +0 pair of gloves
MR       .....                  (no boots)
Stlth    ++........             (no amulet)
HPRegen  0.12/turn              (no ring)
MPRegen  0.11/turn              (no ring)

@: no status effects
A: unfitting armour, cold-blooded, AC +5
a: Renounce Religion


You were on level 3 of the Dungeon.
You worshipped Vehumet.
Vehumet was pleased with you.
You were not hungry.

You visited 1 branch of the dungeon, and saw 3 of its levels.

You collected 121 gold pieces.

Inventory:

Hand Weapons
 a - a +0 dagger of venom (weapon)
Armour
 h - a +0 cloak (worn)
 o - a +0 pair of gloves (worn)
Magical Staves
 c - an uncursed staff of fire
Scrolls
 d - a scroll of remove curse
Potions
 f - a potion of flight
 g - 2 potions of curing
 j - 3 potions of agility
 k - a potion of resistance
Comestibles
 b - 4 rations
 i - 5 chunks of flesh


   Skills:
 * Level 2.9 Fighting
 - Level 1.7 Dodging
 - Level 1.7 Stealth
 + Level 2.7 Spellcasting
 + Level 4.6 Conjurations


You had 7 spell levels left.
You knew the following spells:

 Your Spells              Type           Power        Failure   Level  Hunger
a - Magic Dart            Conj           ###.         2%          1    #......

Your spell library contained the following spells:

 Spells                   Type           Power        Failure   Level  Hunger
 Sandblast                Erth           #.....       19%         1    #......
 Searing Ray              Conj           ###...       4%          2    ##.....
 Dazzling Spray           Conj/Hex       #.....       22%         3    ###....
 Iskenderun's Mystic Bla  Conj           ###.....     28%         4    #####..
 Force Lance              Conj/Tloc      #.......     58%         4    #####..
 Fulminant Prism          Conj/Hex       #.........   58%         4    #####..


Dungeon Overview and Level Annotations

Branches:
Dungeon (3/15)

Altars:
Fedhas
Qazlal
Vehumet

Annotations:
D:3 Robin


Innate Abilities, Weirdness & Mutations

Your plain brown scales are hard. (AC +5)
You cannot fit into any form of body armour.
You are cold-blooded and may be slowed by cold attacks.


Message History

The goblin goes into a battle-frenzy!
The goblin hits you but does no damage.
You hit Robin but do no damage.
Robin looks as sick as possible!
Robin is heavily wounded.
The goblin hits you from afar with a +0 spear.
Robin hits you but does no damage. The goblin hits you with a +0 dagger.
* * * LOW HITPOINT WARNING * * *
Unknown command.
You hit Robin but do no damage.
Robin is almost dead.
The goblin hits you but does no damage.
Robin drinks a potion.
Robin is healed!
The goblin hits you with a +0 dagger.
* * * LOW HITPOINT WARNING * * *
Unknown command.
You closely miss the goblin.
Your tail-slap misses the goblin.
The goblin hits you but does no damage.
Robin zaps a wand.
The puff of flame hits you.
* * * LOW HITPOINT WARNING * * *
The goblin hits you with a +0 dagger.
You die...

#.........# #.........#
#.........# #.#########
#.# #.# #.# #
#.################.###
#...รท.......)..g@g...#
##################g#.#
#


You could see Robin and 2 goblins.

Vanquished Creatures
  3 adders
  4 dart slugs
  4 leopard geckos
  A bat (D:1)
  4 giant cockroaches
  9 goblins
  8 hobgoblins
  6 jackals (D:2)
  A quokka (D:2)
  7 frilled lizards
  5 kobolds
  A rat (D:2)
53 creatures vanquished.

Notes
Turn   | Place    | Note
-------+----------+-------------------------------------------
     0 | D:1      | MurphysLawyer the Draconian Conjurer began the quest for
                  | the Orb.
     0 | D:1      | Reached XP level 1. HP: 14/14 MP: 3/3
   155 | D:1      | Reached XP level 2. HP: 17/22 MP: 5/5
   242 | D:1      | Reached skill level 1 in Fighting
   812 | D:2      | Reached XP level 3. HP: 22/29 MP: 6/6
  1136 | D:2      | Found a stormy altar of Qazlal.
  1148 | D:2      | Found a blossoming altar of Fedhas.
  1189 | D:2      | Found a faded altar of an unknown god.
  1249 | D:2      | Became a worshipper of Vehumet
  1249 | D:2      | Reached * piety under Vehumet
  1249 | D:2      | Offered knowledge of Sting by Vehumet.
  1586 | D:2      | Reached XP level 4. HP: 37/37 MP: 7/7
  2112 | D:3      | Noticed Robin
  2120 | D:3      | Offered knowledge of Sandblast by Vehumet.
  2126 | D:3      | Reached ** piety under Vehumet
  2132 | D:3      | Slain by a goblin

Skill      XL: |  1  2  3 |
---------------+----------+-----
Fighting       | 1 2 |  2.9
Dodging        | |  1.7
Stealth        | |  1.7
Spellcasting   | |  2.7
Conjurations   | |  4.6

Action                   |  1- 3 |  4- 6 || total
-------------------------+-------+-------++-------
Melee: Dagger            |   118 |    37 ||   155
       Tailslap          |     6 |     5 ||    11
       Unarmed           |     1 |       ||     1
 Cast: Magic Dart        |     7 |       ||     7
  Use: Scroll            |     1 |     8 ||     9
 Stab: Sleeping          |     3 |     2 ||     5
  Eat: Chunk             |     2 |     2 ||     4
Armor: Skin              |    45 |    23 ||    68
Dodge: Dodged            |   107 |    19 ||   126
